 Dungeon Crawl Stone Soup version 0.27-a0-1202-ge72e49191c (webtiles) character file.

Game seed: 1538565415113202472

10175 Froggeryz the Arsonist (level 11, 0/96 (99) HPs)
             Began as a Tengu Fire Elementalist on June 4, 2021.
             Was a Believer of Vehumet.
             Slain by a vampire mosquito (4 damage)
             ... on level 13 of the Dungeon.
             The game lasted 00:24:57 (15541 turns).

Froggeryz the Arsonist (Tengu Fire Elementalist)   Turns: 15541, Time: 00:24:58

HP:   0/96 (99)     AC: 25    Str:  6 (8)  XL:     11   Next: 58%
MP:   13/21         EV:  2    Int: 17 (20) God:    Vehumet [**....]
Gold: 541           SH:  7    Dex: 19 (20) Spells: 10/22 levels left

rFire    + + .     SeeInvis .   m - +2 dagger (elec)
rCold    + . .     Faith    .   y - +1 buckler
rNeg     + + +     Spirit   .   (armour currently unavailable)
rPois    +         Reflect  .   (helmet currently unavailable)
rElec    +         Harm     .   (cloak currently unavailable)
rCorr    +         Rampage  .   (gloves currently unavailable)
Will     .....     NoTele   +   (boots unavailable)
Stlth    ++........             (no amulet)
HPRegen  0.26/turn              r - +6 ring of dexterity
MPRegen  0.17/turn              k - ring of protection from fire

@: tree-form, resistant, marked, attractive, lightly drained
A: stationary, stasis, torment immunity, boosted hp, (beak), (talons 3), nimble
flight
a: Renounce Religion


You were on level 13 of the Dungeon.
You worshipped Vehumet.
Vehumet was pleased with you.
You were a tree.
You visited 2 branches of the dungeon, and saw 12 of its levels.

You collected 541 gold pieces.

Inventory:

Hand Weapons
 i - a +2 flail of protection
 m - a +2 dagger of electrocution (weapon)
Missiles
 p - 2 throwing nets
Armour
 a - a +0 robe
 u - a +0 pair of gloves (melded)
 y - a +1 buckler (worn)
 G - +2 swamp dragon scales (melded)
Jewellery
 k - a ring of protection from fire (right branch)
 r - a +6 ring of dexterity (left branch)
 H - a ring of flight
Wands
 o - a wand of charming (7)
 t - a wand of flame (11)
Scrolls
 b - 2 scrolls of fog {unknown}
 f - 5 scrolls of identify
 g - a scroll of silence {unknown}
 j - a scroll of magic mapping
 l - a scroll of amnesia {unknown}
 n - a scroll of enchant armour
 s - a scroll of enchant weapon {unknown}
 v - 2 scrolls of teleportation
 z - a scroll of immolation {unknown}
 A - 2 scrolls of blinking {unknown}
 B - a scroll of vulnerability {unknown}
 D - 2 scrolls of fear {unknown}
Potions
 c - a potion of mutation {unknown}
 d - a potion of lignification
 e - 6 potions of curing
 w - a potion of resistance
 C - 2 potions of haste {unknown}
 E - a potion of brilliance {unknown}
 F - a potion of flight {unknown}


   Skills:
 + Level 6.6 Fighting
 * Level 2.1 Armour
 - Level 2.1 Dodging
 - Level 2.0 Stealth
 - Level 5.6 Shields
 - Level 6.3 Spellcasting
 - Level 6.2 Conjurations
 + Level 3.8 Translocations
 - Level 13.2 Fire Magic


You had 10 spell levels left.
You knew the following spells:

 Your Spells              Type           Power      Damage    Failure   Level
a - Foxfire               Conj/Fire      100%       2x1d9     1%          1
b - Sticky Flame          Conj/Fire      38%        2d6       2%          4
c - Fireball              Conj/Fire      19%        3d9       6%          5
d - Blink                 Tloc           N/A        N/A       3%          2

Your spell library contained the following spells:

 Spells                   Type           Power      Damage    Failure   Level
 Searing Ray              Conj           52%        3d5       1%          2
 Magic Dart               Conj           100%       1d8       1%          1
 Conjure Flame            Conj/Fire      38%        6-21      1%          3
 Apportation              Tloc           36%        N/A       2%          1
 Inner Flame              Hex/Fire       27%        N/A       2%          3
 Animate Skeleton         Necr           10%        N/A       12%         1
 Beastly Appendage        Tmut           10%        N/A       12%         1
 Corona                   Hex            5%         N/A       12%         1
 Freeze                   Ice            20%        1d4       12%         1
 Pain                     Necr           20%        1d5       12%         1
 Summon Small Mammal      Summ           20%        N/A       12%         1
 Mephitic Cloud           Conj/Pois/Air  12%        N/A       16%         3
 Call Imp                 Summ           5%         N/A       19%         2
 Slow                     Hex            5%         N/A       19%         2
 Wereblood                Tmut           5%         N/A       19%         2
 Hailstorm                Conj/Ice       16%        3d6       34%         4
 Frozen Ramparts          Ice            10%        1d3       36%         3
 Ozocubu's Armour         Ice            5%         N/A       36%         3
 Spider Form              Tmut/Pois      2%         N/A       36%         3
 Vampiric Draining        Necr           2%         2d6       36%         3
 Animate Dead             Necr           2%         N/A       77%         4
 Ice Form                 Ice/Tmut       5%         N/A       77%         4
 Agony                    Necr           5%         N/A       98%         5
 Hydra Form               Tmut           2%         N/A       98%         5
 Metabolic Englaciation   Hex/Ice        2%         N/A       98%         5


Dungeon Overview and Level Annotations

Branches:
Dungeon (10/15)            Temple (1/1) D:6            Lair (0/6) D:10
    Orc (0/2) D:9

Altars:
Ashenzari
Cheibriados
Dithmenos
Elyvilon
Fedhas
Gozag
Hepliaklqana
Kikubaaqudgha
Makhleb
Nemelex Xobeh
Qazlal
Ru
Sif Muna
Trog
Uskayaw
Vehumet
Wu Jian
Xom
Yredelemnul
Zin
The Shining One

Shops:
D:1 [

Annotations:
D:13 Frances


Innate Abilities, Weirdness & Mutations

You are a tree.
Your roots penetrate the ground, keeping you stationary.
You cannot be teleported.
You are immune to unholy pain and torment.
Your maximum health is greatly increased.
Your equipment is partially melded.
((You have a beak for a mouth.))
((You have claws for feet.))
Your magical nature lets you fly swiftly and evasively.


Message History

The cyan ugly thing tail-slaps you but does no damage.
The vampire mosquito bites you but does no damage.
The ice devil hits you but does no damage.
Okay, then.
Okay, then.
Unknown command.
Okay, then.
Okay, then.
As you read the scroll labelled CANWOUSAOK, it crumbles to dust.
It is a scroll of enchant armour.
Your +0 buckler glows green for a moment.
The centaur warrior hits you!
* * * LOW HITPOINT WARNING * * *
The centaur warrior completely misses you.
You block the red ugly thing's attack.
You block the vampire mosquito's attack.
The centaur warrior hits you but does no damage.
The centaur warrior kicks you but does no damage.
The acid dragon bites you but does no damage.
The acid dragon barely misses you. Frances hits you but does no damage.
The cyan ugly thing tail-slaps you.
* * * LOW HITPOINT WARNING * * *
The cyan ugly thing shocks you. You resist.
* * * LOW HITPOINT WARNING * * *
The centaur warrior hits you but does no damage.
The centaur warrior kicks you but does no damage.
The ice devil hits you but does no damage.
The tengu warrior is pulled toward you!
Okay, then.
As you read the scroll labelled CAAQUM BEEM, it crumbles to dust.
You feel aware of your surroundings.
It was a scroll of magic mapping.
The vampire mosquito bites you but does no damage.
The centaur warrior barely misses you.
The centaur warrior kicks you but does no damage.
The red ugly thing gores you!
* * * LOW HITPOINT WARNING * * *
You are engulfed in flames.
You resist.
* * * LOW HITPOINT WARNING * * *
The vampire mosquito bites you.
You die...

,,.,,,,***#....[....#,.*,,,,,,,,,
***,,,,,,,..$...#...#*,*,,,,,,,,,
*,,,,,,.......#...#*,...,,,,,,,
***,,,,,.....#..#...#**..........
,,,,,,**,,,..#....#** *..#......#
,,,,,,**,,,,,#...Q# *#.#......#
,,,,,,**,$..,#....# ####.#......#
,,,,,,**,....#.uDy# #....#.......
,,,,,,++,......u♣c# #....#.......
,,,,,,*,,......4c@###....#.......
,,,,*,*,,...................##...
,****,*,,......###...###.........
,****,*,,......**#...#*#.........
,*,,,,,,,#####.,,+...+.....#.....
,*,,,,,,,,,,,.,,,#...#.....#.....
,*,,,,,,,,,,,.,,,#...#.....#.....
,*,,,,,,,,,,,,,,,#...#.........#.


You could see Frances, 2 ugly things, a tengu warrior, 2 centaur warriors, an
ice devil (summoned), an acid dragon and a vampire mosquito.

Vanquished Creatures
  A centaur warrior (D:10)
  3 two-headed ogres
  Maggie (D:10)
  A komodo dragon (D:7)
  A troll (D:9)
  Prince Ribbit (D:8)
  A hornet (D:9)
  A shadow (D:8)
  A yak (D:10)
  2 wyverns
  3 vampire mosquitoes (D:13)
  Edmund (D:4)
  2 water moccasins
  4 black bears
  4 ice beasts
  Duvessa (D:7)
  2 orc warriors (D:9)
  A necrophage (D:8)
  4 ogres
  A hornet zombie (D:5)
  3 centaurs
  5 kobold brigands
  Blork the orc (D:6)
  5 bullfrogs
  A wyvern zombie (D:9)
  3 scorpions
  Dowan (D:7)
  A water moccasin skeleton (D:3)
  10 wights
  8 howler monkeys
  3 bullfrog zombies
  4 orc priests
  2 gnoll shamans
  8 centaur zombies
  10 hounds
  2 centaur skeletons
  5 iguanas
  3 orc wizards
  A killer bee zombie (D:7)
  A hound zombie (D:5)
  2 howler monkey zombies
  8 adders
  25 gnolls
  2 howler monkey skeletons (D:5)
  3 shadow imps
  A white imp (D:8)
  2 ufetubi (D:6)
  2 adder skeletons (D:4)
  A worm (D:4)
  4 dart slugs
  33 orcs
  4 endoplasms
  A giant cockroach (D:1)
  9 goblins
  13 hobgoblins
  17 jackals
  26 kobolds
  3 quokkas
  9 ball pythons
  3 bats
  6 frilled lizards
  4 rats
291 creatures vanquished.

Vanquished Creatures (collateral kills)
  3 foxfires
3 creatures vanquished.

Vanquished Creatures (others)
  1079 foxfires
  28 fungi (D:10)
  40 plants
1147 creatures vanquished.

Grand Total: 1441 creatures vanquished

Notes
Turn   | Place    | Note
-------+----------+-------------------------------------------
     0 | D:1      | Froggeryz the Tengu Fire Elementalist began the quest for
                  | the Orb.
     0 | D:1      | Reached XP level 1. HP: 10/10 MP: 4/4
   204 | D:1      | Found a faded altar of an unknown god.
   305 | D:1      | Reached XP level 2. HP: 15/15 MP: 3/6
   610 | D:1      | Reached skill level 4 in Fire Magic
   691 | D:1      | Found Guxiukaero's Armour Emporium.
  1173 | D:2      | Reached XP level 3. HP: 19/19 MP: 1/7
  1902 | D:2      | Reached XP level 4. HP: 22/24 MP: 0/8
  2619 | D:3      | Reached skill level 5 in Fire Magic
  2907 | D:3      | Gained mutation: Your magical nature lets you fly swiftly
                  | and evasively. [Tengu growth]
  2907 | D:3      | Reached XP level 5. HP: 28/28 MP: 5/9
  3190 | D:3      | Noticed a kobold brigand
  3197 | D:3      | Killed a kobold brigand
  3198 | D:3      | Reached skill level 6 in Fire Magic
  3198 | D:3      | Reached XP level 6. HP: 17/32 MP: 0/10
  3846 | D:3      | Reached skill level 5 in Conjurations
  3854 | D:3      | Reached skill level 7 in Fire Magic
  4021 | D:3      | Reached XP level 7. HP: 36/36 MP: 7/11
  4709 | D:3      | Learned a level 4 spell: Sticky Flame
  4726 | D:3      | Reached skill level 8 in Fire Magic
  5335 | D:4      | Noticed Edmund
  5355 | D:4      | Killed Edmund
  5356 | D:4      | Reached XP level 8. HP: 19/41 MP: 1/13
  5789 | D:4      | Reached skill level 9 in Fire Magic
  5876 | D:4      | Found a hide-covered altar of Uskayaw.
  6956 | D:5      | Entered Level 5 of the Dungeon
  6993 | D:5      | Reached skill level 10 in Fire Magic
  7079 | D:5      | Learned a level 5 spell: Fireball
  7370 | D:5      | Reached XP level 9. HP: 26/45 MP: 13/16
  8214 | D:5      | Reached skill level 11 in Fire Magic
  8325 | D:5      | Reached skill level 5 in Spellcasting
  8668 | D:5      | Found a basalt altar of Yredelemnul.
  9275 | D:6      | Noticed Blork the orc
  9298 | D:6      | Killed Blork the orc
  9663 | D:6      | Found an ornate altar of the Wu Jian Council.
  9797 | D:6      | Identified the +9 falchion of Doom {drain, Fragile rPois
                  | rN+++ Dex+4}
  9909 | D:6      | Reached skill level 12 in Fire Magic
 10176 | D:6      | Found a staircase to the Ecumenical Temple.
 10182 | Temple   | Entered the Ecumenical Temple
 10439 | Temple   | Became a worshipper of Vehumet
 10545 | D:7      | Noticed Duvessa
 10549 | D:7      | Killed Duvessa
 10551 | D:7      | Noticed Dowan
 10564 | D:7      | Reached XP level 10. HP: 28/50 MP: 8/20
 10565 | D:7      | Killed Dowan
 10842 | D:7      | Reached skill level 1 in Shields
 10991 | D:7      | Noticed a two-headed ogre
 11024 | D:7      | Killed a two-headed ogre
 11327 | D:7      | Reached * piety under Vehumet
 11327 | D:7      | Offered knowledge of Sandblast by Vehumet.
 11342 | D:7      | Reached skill level 13 in Fire Magic
 12021 | D:7      | Found a sacrificial altar of Ru.
 12021 | D:7      | Found an opulent altar of Gozag.
 12021 | D:7      | Found a blossoming altar of Fedhas.
 12238 | D:8      | Noticed Prince Ribbit
 12247 | D:8      | Killed Prince Ribbit
 12248 | D:8      | Reached skill level 5 in Shields
 13035 | D:8      | Reached skill level 1 in Fighting
 13185 | D:8      | Found a hazy altar of Hepliaklqana.
 13356 | D:8      | Learned a level 2 spell: Blink
 13559 | D:9      | Noticed a two-headed ogre
 13583 | D:9      | Reached skill level 1 in Translocations
 13641 | D:9      | Killed a two-headed ogre
 13642 | D:9      | Reached XP level 11. HP: 35/60 MP: 10/21
 14054 | D:9      | Reached ** piety under Vehumet
 14287 | D:9      | Offered knowledge of Searing Ray by Vehumet.
 14612 | D:9      | Found a staircase to the Orcish Mines.
 14975 | D:10     | Entered Level 10 of the Dungeon
 15013 | D:10     | Noticed Maggie
 15019 | D:10     | Noticed a centaur warrior
 15024 | D:10     | Killed Maggie
 15025 | D:10     | Reached skill level 5 in Fighting
 15028 | D:10     | Killed a centaur warrior
 15265 | D:10     | Noticed a two-headed ogre
 15282 | D:10     | Killed a two-headed ogre
 15312 | D:10     | Reached skill level 1 in Armour
 15454 | D:10     | Found a staircase to the Lair.
 15458 | D:10     | You are sucked into a shaft and drop 3 floors!
 15478 | D:13     | Noticed a tengu warrior
 15478 | D:13     | Noticed a tengu warrior
 15506 | D:13     | Noticed a cyan ugly thing
 15506 | D:13     | Noticed a red ugly thing
 15516 | D:13     | Noticed a two-headed ogre
 15517 | D:13     | Noticed a boulder beetle
 15534 | D:13     | Noticed Frances
 15534 | D:13     | Identified the +0 whip of the Forgotten Beasts {drain, rF+
                  | rN+ Will+}
 15534 | D:13     | Noticed a centaur warrior
 15536 | D:13     | Noticed a centaur warrior
 15541 | D:13     | HP: 4/96 [red ugly thing (6)]
 15541 | D:13     | Slain by a vampire mosquito

Illustrated notes

Levels and vault maps discovered:
D:1:      scummos_arrival_simple_crosswalls, layout_basic, serial_shops, shop,
          ebering_ecumenical_altar_rust
D:2:      layout_basic, kennysheep_cross_bottleneck
D:3:      lemuel_castle_with_subvaults [lemuel_castle_interior_carwin_2],
          layout_loops_ring, guppyfry_early_orc_mine
D:4:      kennysheep_spiral_hall, layout_gridville, lemuel_round_altar,
          nrook_mini_vaults, chequers_serial_rivers_micro_c, solitary_fountain,
          minmay_misc_feat_plants, uniq_edmund
D:5:      cheibrodos_barr_body, layout_basic, yredelemnul_altar_generic,
          minmay_misc_feat_cross, saegor_snake_ambush
D:6:      minmay_chambers_of_fours, layout_loops_cross, general_overflow_altar,
          minmay_temple_entry_hall, hangedman_decor_clover_reticule,
          hangedman_abyss_or_decor_lesser_grid, chequers_decorated_corner,
          uniq_blork_the_orc
D:7:      layout_loops_ring, gammafunk_temple_overflow_forgotten,
          minmay_lizard_king, uniq_duvessa
D:8:      layout_gridville, nicolae_hepliaklqana_hippocampus,
          uniq_prince_ribbit1
D:9:      layout_stronghold, orc_0_dummy, minmay_misc_feat_secret_circle
D:10:     layout_loops_cross, kennysheep_mini_moat, due_lair_maze_entry_diamond,
          small_chamber_with_monster, minmay_checkerbox, uniq_maggie,
          uniq_erica, uniq_psyche
D:13:     layout_basic, uniq_frances
Temple:   dpeg_chambers_temple

Skill      XL: |  1  2  3  4  5  6  7  8  9 10 11 |
---------------+----------------------------------+-----
Conjurations   | 2 3 4 5 6 |  6.2
Fire Magic     | 4 5 6 7 8 10 12 13 | 13.2
Spellcasting   | 4 6 |  6.3
Shields        | 5 |  5.6
Fighting       | 3 6 |  6.6
Translocations | 1 3 |  3.8
Armour         | 2 |  2.1
Dodging        | |  2.1
Stealth        | |  2.0

Action                   |  1- 3 |  4- 6 |  7- 9 | 10-12 || total
-------------------------+-------+-------+-------+-------++-------
Melee: Unarmed           |     6 |     8 |     5 |       ||    19
       Peck              |     2 |     1 |    13 |    10 ||    26
       Kick              |     1 |     2 |    18 |    17 ||    38
       Dagger            |       |       |    78 |    75 ||   153
 Cast: Foxfire           |    64 |   116 |   267 |   206 ||   653
       Sticky Flame      |       |       |    22 |    30 ||    52
       Fireball          |       |       |     1 |     3 ||     4
       Blink             |       |       |       |     2 ||     2
  Use: Potion            |       |       |     2 |     6 ||     8
       Scroll            |       |       |       |     5 ||     5
 Stab: Sleeping          |       |       |     1 |       ||     1
Armor: Robe              |     6 |     4 |    19 |    11 ||    40
       Skin              |       |       |       |    30 ||    30
       Swamp dragon scal |       |       |       |    13 ||    13
Dodge: Dodged            |    10 |    25 |   119 |    82 ||   236
Block: Buckler           |       |       |       |    33 ||    33

Table legend: (Time is in decaauts)
 A = Elapsed time spent in this place.
 B = Non-inter-level travel time spent in this place.
 C = Inter-level travel time spent in this place.
 D = Time resting spent in this place.
 E = Time spent auto-exploring this place.
 F = Levels seen in this place.
 G = Mean time per level.
                   A        B        C        D        E       F      G
               +--------+--------+--------+--------+--------+-----+--------+
         Total |  14967 |  14693 |    274 |   2204 |  10148 |  12 | 1247.2 |
       Dungeon |  14711 |  14504 |    207 |   2204 |   9961 |  11 | 1337.4 |
        Temple |    256 |    190 |     66 |      0 |    187 |   1 |  256.0 |
               +--------+--------+--------+--------+--------+-----+--------+

Top non-repeatable levels by time:
     D:3: 2295 daAuts
     D:4: 1940 daAuts
     D:5: 1787 daAuts
     D:2: 1607 daAuts
     D:9: 1522 daAuts
     D:7: 1507 daAuts
     D:8: 1216 daAuts
     D:6: 1162 daAuts
     D:1: 1126 daAuts
    D:10: 471 daAuts
  Temple: 256 daAuts
    D:13: 76 daAuts
